 Dungeon Crawl Stone Soup version 0.21.1-1-g345015f (webtiles) character file.

406 equalderp2856 the Chopper (level 6, -1/53 HPs)
             Began as a Minotaur Fighter on Apr 29, 2018.
             Killed from afar by an orc wizard (9 damage)
             ... with a magic dart
             ... on level 7 of the Dungeon.
             The game lasted 00:05:12 (2620 turns).

equalderp2856 the Chopper (Minotaur Fighter)        Turns: 2620, Time: 00:05:13

Health: -1/53      AC:  8    Str: 21    XL:     6   Next: 56%
Magic:  5/5        EV:  7    Int:  5    God:
Gold:   133        SH: 10    Dex: 11    Spells: 5/5 levels left

rFire    . . .     SeeInvis .   a - +1 war axe
rCold    . . .     Gourm    .   c - +0 shield
rNeg     . . .     Faith    .   b - +0 scale mail
rPois    .         Spirit   .   (helmet restricted)
rElec    .         Reflect  .   (no cloak)
rCorr    .         Harm     .   (no gloves)
MR       .....                  u - +0 pair of boots
Stlth    ..........             (no amulet)
HPRegen  0.17/turn              (no ring)
MPRegen  0.09/turn              (no ring)

@: drained
A: retaliatory headbutt, horns 2
a: no special abilities


You were on level 7 of the Dungeon.
You were very hungry.

You visited 1 branch of the dungeon, and saw 6 of its levels.

You collected 133 gold pieces.

Inventory:

Hand Weapons
 a - a +1 war axe (weapon)
Armour
 b - a +0 scale mail (worn)
 c - a +0 shield (worn)
 u - a +0 pair of boots (worn)
Jewellery
 j - an uncursed amulet of magic regeneration {unknown}
 m - an uncursed ring of see invisible {unknown}
 v - an uncursed amulet of harm {unknown}
Scrolls
 e - 6 scrolls of identify
 k - 2 scrolls of remove curse
 s - 3 scrolls of enchant weapon
 w - a scroll of fog {unknown}
Potions
 d - a potion of might
 g - 2 potions of degeneration {unknown}
 h - 2 potions of invisibility {unknown}
 i - a potion of curing
 n - a potion of heal wounds {unknown}
 o - a potion of berserk rage {unknown}
 q - 2 potions of flight {unknown}
 r - a potion of cancellation {unknown}
 t - a potion of magic {unknown}
Comestibles
 f - 8 rations


   Skills:
 + Level 4.5(4.2) Fighting
 + Level 5.6(5.3) Axes
 + Level 5.5(5.3) Armour
 + Level 0.5(0.3) Dodging
 + Level 0.9(0.7) Stealth
 + Level 5.0(4.7) Shields


You had 5 spell levels left.
You didn't know any spells.

Dungeon Overview and Level Annotations

Branches:
Dungeon (5/15)
 Temple: D:4-7

Altars:
Cheibriados
Xom

Annotations:
D:3 Grinder; ReniFell's ghost, weakling GrMo
D:4 Mesmaeker13's ghost, amateur DsWn


Innate Abilities, Weirdness & Mutations

You reflexively headbutt those who attack you in melee.
You have a pair of horns on your head.


Message History

Unknown command.
You feel better.
Your surroundings suddenly seem different.
Unknown command.
Found a stone staircase leading down.
You start resting.
Found a stone staircase leading up.
There is a stone staircase leading down here.
There is a stone staircase leading up here.
You start resting.
You slash the orc wizard!
The orc wizard is heavily wounded.
The orc wizard points at you and mumbles some strange words.
The puff of flame hits you!
* * * LOW HITPOINT WARNING * * *
You barely miss the orc wizard.
The orc wizard is heavily wounded.
The orc wizard points at you and mumbles some strange words.
The magic dart hits you!
You die...

#.# #.###.#
##....## .... .
#.# #......
....### ###### .
#.#
#####.####..#####
#. #.#
#.....o.....# #.
#.# #.####..###.#
#.# #.# #..# #.#
#..# #
######>####..# ##
........o@<#....
##.
.#####...#.##.###
#.z #.#.#..# .#


#Oz #.#.# #.##.##.# .# #a. #.#.##.....##.. .# #.. ## #.#.###.##.##.##.# ##. .#
#.#.# #..#..... ## .# #.#.# #.#.# #.# # .# #.#.# #.# You could see an orc
wizard.

Vanquished Creatures
  Sigmund (D:2)
  A bullfrog (D:7)
  A bullfrog skeleton (D:7)
  An orc wizard (D:7)
  A worker ant (D:7)
  A worker ant zombie (D:5)
  3 gnolls (D:2)
  2 adders (D:2)
  2 oozes
  2 worms (D:2)
  A dart slug (D:2)
  A leopard gecko (D:1)
  An orc (D:7)
  4 giant cockroaches
  5 goblins
  3 jackals (D:5)
  A quokka (D:7)
  A ball python (D:3)
  4 bats
  A frilled lizard (D:1)
  3 kobolds
  9 rats
49 creatures vanquished.

Notes
Turn   | Place    | Note
-------+----------+-------------------------------------------
     0 | D:1      | equalderp2856 the Minotaur Fighter began the quest for the Orb.
     0 | D:1      | Reached XP level 1. HP: 19/19 MP: 0/0
   246 | D:1      | Reached XP level 2. HP: 27/27 MP: 1/1
   646 | D:2      | Reached XP level 3. HP: 15/33 MP: 2/2
   957 | D:2      | Reached XP level 4. HP: 40/40 MP: 3/3
   974 | D:2      | Found a snail-covered altar of Cheibriados.
  1044 | D:2      | Noticed Sigmund
  1049 | D:2      | Killed Sigmund
  1049 | D:2      | Reached skill level 5 in Armour
  1049 | D:2      | Reached XP level 5. HP: 47/47 MP: 4/4
  1082 | D:2      | Reached skill level 5 in Axes
  1548 | D:3      | Noticed Grinder
  1558 | D:3      | Noticed ReniFell's ghost (weakling GrMo)
  1866 | D:4      | Noticed Mesmaeker13's ghost (amateur DsWn)
  1870 | D:4      | Noticed an ogre
  1974 | D:5      | Entered Level 5 of the Dungeon
  2041 | D:5      | Found a shimmering altar of Xom.
  2177 | D:5      | Reached XP level 6. HP: 51/53 MP: 5/5
  2287 | D:5      | You fall through a shaft for 2 floors!
  2293 | D:7      | Noticed an orc warrior
  2323 | D:7      | Reached skill level 5 in Shields
  2443 | D:7      | Noticed a sky beast
  2480 | D:7      | Noticed an ice beast
  2589 | D:7      | HP: 2/53 [ogre/giant club (22)]
  2620 | D:7      | Killed from afar by an orc wizard

Skill      XL: |  1  2  3  4  5  6 |
---------------+-------------------+-----
Armour         | 4 5 |  5.5
Fighting       | 4 |  4.5
Axes           | 3 4 5 |  5.6
Shields        | 4 5 |  5.0
Dodging        | |  0.5
Stealth        | |  0.9

Action                   |  1- 3 |  4- 6 || total
-------------------------+-------+-------++-------
Melee: War axe           |    73 |    64 ||   137
       Headbutt          |     9 |    18 ||    27
  Use: Scroll            |       |     5 ||     5
       Potion            |       |     2 ||     2
  Eat: Chunk             |       |     4 ||     4
Armor: Scale mail        |    25 |    31 ||    56
Dodge: Dodged            |    24 |    24 ||    48
Block: Shield            |    38 |    45 ||    83
